 Dungeon Crawl Stone Soup version 0.31-a0-672-g7da72447bb (webtiles) character file.

Game seed: 1766708716472469083

3537 pokeman the Thaumaturge (level 9, -1/48 HPs)
             Began as a Deep Elf Hedge Wizard on Sept 4, 2023.
             Was a Follower of Vehumet.
             Slain by a centaur warrior
             ... wielding a +4 war axe of flaming
              (19 damage)
             ... on level 8 of the Dungeon.
             The game lasted 00:17:54 (8356 turns).

pokeman the Thaumaturge (Deep Elf Hedge Wizard)     Turns: 8356, Time: 00:17:55

Health: -1/48      AC:  9    Str:  7    XL:     9   Next: 82%
Magic:  12/36      EV: 13    Int: 24    God:    Vehumet [*.....]
Gold:   200        SH:  0    Dex: 14    Spells: 18/32 levels left

rFire   . . .        H - +2 dagger (venom)
rCold   . . .        (no shield)
rNeg    . . .        z - +0 steam dragon scales
rPois   .            c - +0 hat
rElec   .            (no cloak)
rCorr   .            (no gloves)
SInv    .            (no boots)
Will    .....        (no amulet)
Stlth   ++           s - +4 ring of protection
HPRegen 0.28/turn    E - ring of magical power
MPRegen 0.25/turn

%: no passive effects
@: no status effects
A: no striking features
a: Renounce Religion


You were on level 8 of the Dungeon.
You worshipped Vehumet.
Vehumet was aware of your devotion.
You visited 2 branches of the dungeon, and saw 9 of its levels.

You collected 416 gold pieces.
You spent 216 gold pieces at shops.

Inventory:

Hand Weapons
 u - a +3 dagger of pain
 H - a +2 dagger of venom (weapon)
Missiles
 C - a curare-tipped dart
Armour
 c - a +0 hat (worn)
 z - +0 steam dragon scales (worn)
Jewellery
 s - a +4 ring of protection (left hand)
 B - an amulet of faith
 E - a ring of magical power (right hand)
Wands
 o - a wand of mindburst (12)
 w - a wand of paralysis (11)
 x - a wand of flame (20)
 y - a wand of digging (4)
Scrolls
 e - 4 scrolls of poison {unknown}
 k - 5 scrolls of identify {unknown}
 l - 2 scrolls of silence {unknown}
 m - 3 scrolls of teleportation {unknown}
 n - a scroll of amnesia {unknown}
 q - a scroll of acquirement {unknown}
 D - a scroll of blinking {unknown}
 F - a scroll of enchant armour {unknown}
 G - a scroll of noise {unknown}
Potions
 a - a potion of brilliance {unknown}
 d - a potion of magic
 f - a potion of berserk rage {unknown}
 g - a potion of invisibility {unknown}
 h - a potion of mutation {unknown}
 i - 2 potions of attraction {unknown}
 j - a potion of enlightenment {unknown}
 p - 2 potions of lignification {unknown}
 r - a potion of heal wounds {unknown}
 t - a potion of might {unknown}
 v - 2 potions of haste {unknown}
 A - a potion of ambrosia {unknown}


   Skills:
 - Level 2.0 Fighting
 + Level 4.3 Armour
 - Level 3.0 Dodging
 - Level 3.1 Stealth
 * Level 12.3 Spellcasting
 + Level 6.9 Conjurations
 - Level 1.1 Summonings
 - Level 4.1 Necromancy
 - Level 1.1 Translocations
 - Level 1.1 Air Magic
 + Level 4.5 Earth Magic
 - Level 1.0 Poison Magic
 - Level 1.0 Evocations


You had 18 spell levels left.
You knew the following spells:

 Your Spells              Type           Power      Damage    Failure   Level
a - Magic Dart            Conj           100%       1d8       1%          1
b - Mephitic Cloud        Conj/Pois/Air  29%        N/A       3%          3
c - Call Imp              Summ           40%        N/A       4%          2
d - Blink                 Tloc           40%        N/A       4%          2
e - Stone Arrow           Conj/Erth      84%        3d12      1%          3
f - Swiftness             Air            20%        N/A       8%          3

Your spell library contained the following spells:

 Spells                   Type           Power      Damage    Failure   Level
 Shock                    Conj/Air       100%       1d9       1%          1
 Kiss of Death            Conj/Necr      100%       2d13      1%          1
 Sandblast                Erth           72%        2d16      1%          1
 Cigotuvi's Dreadful Rot  Necr/Pois/Air  48%        N/A       2%          2
 Passwall                 Tmut/Erth      20%        N/A       2%          2
 Dazzling Flash           Conj/Hex       62%        N/A       3%          3
 Slow                     Hex            56%        N/A       4%          1
 Ensorcelled Hibernation  Hex/Ice        28%        N/A       6%          2
 Dispel Undead            Necr           34%        3d15      8%          4
 Confusing Touch          Hex            14%        N/A       13%         3
 Agony                    Necr           34%        N/A       22%         5
 Silence                  Hex/Air        8%         N/A       67%         5


Dungeon Overview and Level Annotations

Branches:
Dungeon (8/15)             Temple (1/1) D:4
   Lair: D:8-11

Altars:
Ashenzari
Cheibriados
Dithmenos
Elyvilon
Fedhas
Gozag
Hepliaklqana
Kikubaaqudgha
Makhleb
Nemelex Xobeh
Okawaru
Qazlal
Ru
Sif Muna
Trog
Uskayaw
Vehumet
Wu Jian
Xom
Yredelemnul
Zin
The Shining One

Shops:
D:6 :

Annotations:
D:7 Angel behind rock


Message History

Confirm with . or Enter, or press ? or * to list all spells.
Aiming: Mephitic Cloud (dangerous; 3% risk of failure)
Press: ? - help, Shift-Dir - straight line, f/p - centaur warrior
Aim: a centaur warrior, wielding a +4 war axe of flaming (chance to affect: 53%)
The ball explodes into a vile cloud!
The stinking cloud engulfs the centaur warrior but does no damage.
The stinking cloud engulfs you but does no damage.
You hear a roar!
You hear a shout!
The centaur warrior is engulfed in noxious fumes.
The centaur warrior appears confused.
The centaur warrior hits you with a +4 war axe of flaming!
The centaur warrior burns you.
The centaur warrior kicks you but does no damage.
The centaur warrior is engulfed in noxious fumes.
The centaur warrior laughs crazily.
The centaur warrior hits you with a +4 war axe of flaming.
The centaur warrior burns you.
The centaur warrior kicks you but does no damage.
Unknown command.
Unknown command.
You barely miss the centaur warrior.
The centaur warrior is engulfed in noxious fumes.
The centaur warrior appears confused.
The centaur warrior hits you with a +4 war axe of flaming!
The centaur warrior burns you. The centaur warrior kicks you.
Unknown command.
Unknown command.
Unknown command.
Unknown command.
Casting: Mephitic Cloud (dangerous; 3% risk of failure)
Confirm with . or Enter, or press ? or * to list all spells.
Aiming: Stone Arrow (safe; 1% risk of failure)
Press: ? - help, Shift-Dir - straight line, f/p - centaur warrior
Aim: a centaur warrior, wielding a +4 war axe of flaming (noxious fumes, confused, 95% to hit)
The stone arrow hits the centaur warrior!
The centaur warrior is lightly wounded.
The centaur warrior is engulfed in noxious fumes.
The centaur warrior mumbles something.
The centaur warrior hits you with a +4 war axe of flaming!!
You die...

#.#. #.#. ..#. ##
.... #. ### #○ ####
.. #.. ##.
###..##...#.#
#c###..##.##....#
#@##.#####.#.##<#
##.#.#..##)#.##.#
###.##.##.###.##.##
#.##..#.#.###.#....
#.#####.##.##....##
##)##..###.##.....)
##..####.##..#..#. .
#####..##[.##..#.
....###)###..###....


You could see a centaur warrior (confused).

Vanquished Creatures
  A deep elf pyromancer (D:8)
  A steam dragon (D:5)
  2 water moccasins
  2 sky beasts (D:6)
  3 orc warriors (D:8)
  2 ice beasts (D:6)
  A black bear (D:7)
  An ogre (D:6)
  2 centaurs
  A phantom (D:5)
  A kobold brigand (D:6)
  A gnoll sergeant (D:7)
  2 bullfrogs (D:8)
  3 scorpions
  6 wights
  3 hounds
  2 jellies
  6 orc priests
  2 gnoll boudas
  An iguana (D:6)
  7 orc wizards
  Robin (D:4)
  15 gnolls
  5 adders
  A shadow imp (D:5)
  2 white imps
  An ufetubus (D:6)
  5 worms
  A dart slug (D:1)
  30 orcs
  5 bats
  11 endoplasms
  A giant cockroach (D:2)
  13 goblins
  11 hobgoblins
  6 jackals
  6 quokkas
  3 ball pythons
  8 frilled lizards
  18 kobolds
  4 rats
197 creatures vanquished.

Notes
Turn   | Place    | Note
-------+----------+-------------------------------------------
     0 | D:1      | pokeman the Deep Elf Hedge Wizard began the quest for the
                  | Orb.
     0 | D:1      | Reached XP level 1. HP: 10/10 MP: 7/7
   149 | D:1      | Reached XP level 2. HP: 4/16 MP: 0/9
   353 | D:1      | Found a faded altar of an unknown god.
   668 | D:1      | Reached skill level 5 in Spellcasting
   872 | D:2      | Reached XP level 3. HP: 20/20 MP: 0/11
   876 | D:2      | Learned a level 3 spell: Mephitic Cloud
   879 | D:2      | Learned a level 2 spell: Call Imp
   882 | D:2      | Learned a level 2 spell: Blink
  1280 | D:2      | Reached skill level 1 in Fighting
  1338 | D:2      | Reached skill level 1 in Armour
  2154 | D:3      | Reached XP level 4. HP: 25/25 MP: 8/13
  3000 | D:4      | Noticed a scorpion
  3016 | D:4      | Killed a scorpion
  3017 | D:4      | Reached skill level 6 in Spellcasting
  3017 | D:4      | Reached XP level 5. HP: 29/29 MP: 5/15
  3263 | D:4      | Noticed Robin
  3290 | D:4      | Killed Robin
  3315 | D:4      | Reached skill level 1 in Air Magic
  3359 | D:4      | Reached skill level 1 in Poison Magic
  3359 | D:4      | Reached skill level 1 in Evocations
  3360 | D:4      | Reached XP level 6. HP: 16/34 MP: 3/17
  3860 | D:4      | Found a staircase to the Ecumenical Temple.
  3869 | Temple   | Entered the Ecumenical Temple
  4087 | D:5      | Entered Level 5 of the Dungeon
  4142 | D:5      | Reached skill level 7 in Spellcasting
  4142 | D:5      | Reached skill level 1 in Necromancy
  4391 | D:5      | Reached XP level 7. HP: 23/39 MP: 8/20
  5066 | D:5      | Noticed a steam dragon
  5217 | D:5      | Killed a steam dragon
  5218 | D:5      | Reached skill level 8 in Spellcasting
  5453 | D:6      | Reached XP level 8. HP: 44/44 MP: 4/22
  5463 | D:6      | Reached skill level 9 in Spellcasting
  5714 | D:6      | Found a broken altar of Ashenzari.
  5845 | D:6      | Found Sothra's Book Emporium.
  5848 | D:6      | Bought a book of Geomancy for 216 gold pieces
  5852 | D:6      | Learned a level 3 spell: Stone Arrow
  5856 | D:6      | Learned a level 3 spell: Swiftness
  5982 | D:6      | Reached skill level 5 in Conjurations
  6074 | D:6      | Reached skill level 1 in Earth Magic
  6129 | D:6      | Reached skill level 10 in Spellcasting
  6196 | D:6      | Found a shadowy altar of Dithmenos.
  6287 | D:6      | Found a burning altar of Makhleb.
  6316 | D:6      | Found a radiant altar of Vehumet.
  6321 | D:6      | Became a worshipper of Vehumet
  6780 | D:7      | Reached XP level 9. HP: 48/48 MP: 13/25
  7115 | D:7      | Found a sacrificial altar of Ru.
  7126 | D:7      | Found a blossoming altar of Fedhas.
  7217 | D:7      | Found a white marble altar of Elyvilon.
  7357 | D:7      | Found a glowing silver altar of Zin.
  7357 | D:7      | Noticed an angel
  7612 | D:8      | Reached skill level 11 in Spellcasting
  8002 | D:8      | Reached * piety under Vehumet
  8002 | D:8      | Offered knowledge of Shock by Vehumet.
  8237 | D:8      | Noticed a deep elf pyromancer
  8241 | D:8      | Killed a deep elf pyromancer
  8242 | D:8      | Reached skill level 12 in Spellcasting
  8352 | D:8      | Noticed a centaur warrior
  8356 | D:8      | Slain by a centaur warrior

Illustrated notes

Levels and vault maps discovered:
D:1:      zaba_arrival_water, layout_rooms, hellmonk_ecumenical_altar_run_dry,
          feat_on_display
D:2:      layout_basic
D:3:      layout_basic
D:4:      layout_basic, minmay_temple_entry_statues_fountains,
          kennysheep_generic_room_2, uniq_robin
D:5:      layout_basic, kennysheep_generic_room_6
D:6:      layout_loops_ring, lightli_temple_of_fire, ashenzari_altar_1,
          mainiacjoe_overflow_swirl, serial_shops, nicolae_shop_behind_doors
D:7:      layout_cave_pools, amethyst_overflow_temple_binary, zin_angel,
          lemuel_coloured_pillars_altar
D:8:      minmay_the_grid_octo_triangle [minmay_the_grid_octo_77,
          minmay_the_grid_octo_prize_ultimate_mussel_roller,
          minmay_the_grid_octo_fan_narrow], layout_loops_cross
Temple:   eino_temple_water

Skill      XL: |  1  2  3  4  5  6  7  8  9 |
---------------+----------------------------+-----
Spellcasting   | 5 6 7 8 10 12 | 12.3
Fighting       | 1 2 |  2.0
Armour         | 1 2 3 4 |  4.3
Conjurations   | 2 3 4 5 6 |  6.9
Dodging        | 3 |  3.0
Stealth        | 3 |  3.1
Air Magic      | 1 |  1.1
Poison Magic   | 1 |  1.0
Evocations     | 1 |  1.0
Necromancy     | 1 3 4 |  4.1
Earth Magic    | 2 4 |  4.5
Summonings     | |  1.1
Translocations | |  1.1

Action                     |  1- 3 |  4- 6 |  7- 9 || total
---------------------------+-------+-------+-------++-------
  Melee: Dagger            |    28 |       |    34 ||    62
         Flail             |    13 |    66 |    30 ||   109
         Punch             |       |       |     3 ||     3
   Cast: Magic Dart        |   116 |   129 |    97 ||   342
         Mephitic Cloud    |     2 |    10 |    12 ||    24
         Call Imp          |       |     1 |     1 ||     2
         Blink             |       |       |     1 ||     1
         Stone Arrow       |       |       |    85 ||    85
   Stab: Sleeping          |     1 |       |       ||     1
         Confused          |     2 |     1 |     7 ||    10
 Armour: Robe              |    26 |    58 |    23 ||   107
         Steam dragon scal |       |       |    40 ||    40
  Dodge: Dodged            |    35 |    62 |    71 ||   168

Table legend: (Time is in decaauts)
 A = Elapsed time spent in this place.
 B = Non-inter-level travel time spent in this place.
 C = Inter-level travel time spent in this place.
 D = Time resting spent in this place.
 E = Time spent auto-exploring this place.
 F = Levels seen in this place.
 G = Mean time per level.
                   A        B        C        D        E       F      G
               +--------+--------+--------+--------+--------+-----+--------+
         Total |   8406 |   8203 |    203 |    291 |   6700 |   9 |  934.0 |
       Dungeon |   8404 |   8201 |    203 |    291 |   6700 |   8 | 1050.5 |
        Temple |      1 |      1 |      0 |      0 |      0 |   1 |    1.0 |
               +--------+--------+--------+--------+--------+-----+--------+

Top non-repeatable levels by time:
     D:5: 1363 daAuts
     D:6: 1297 daAuts
     D:2: 1180 daAuts
     D:4: 1169 daAuts
     D:3: 914 daAuts
     D:8: 870 daAuts
     D:1: 854 daAuts
     D:7: 754 daAuts
  Temple: 1 daAuts
